 Dungeon Crawl Stone Soup version 0.24-a0-217-g1152973720 (webtiles) character file.

Game seed: 13482675787544232114

13 Redear the Magician (level 2, -2/15 HPs)
             Began as a Deep Elf Wizard on Mar 30, 2019.
             Slain by a leopard gecko (3 damage)
             ... on level 1 of the Dungeon.
             The game lasted 00:01:21 (238 turns).

Redear the Magician (Deep Elf Wizard)                Turns: 238, Time: 00:01:21

Health: -2/15      AC:  2    Str:  4    XL:     2   Next: 24%
Magic:  1/9        EV: 13    Int: 22    God:
Gold:   27         SH:  0    Dex: 13    Spells: 9/10 levels left

rFire    . . .     SeeInvis .   c - +0 club
rCold    . . .     Gourm    .   (no shield)
rNeg     . . .     Faith    .   a - +0 robe
rPois    .         Spirit   .   b - +0 hat
rElec    .         Reflect  .   (no cloak)
rCorr    .         Harm     .   (no gloves)
MR       .....                  (no boots)
Stlth    ++........             (no amulet)
HPRegen  0.05/turn              (no ring)
MPRegen  0.11/turn              (no ring)

@: no status effects
A: no striking features
a: no special abilities


You were on level 1 of the Dungeon.
You were not hungry.

You visited 1 branch of the dungeon, and saw 1 of its levels.

You collected 27 gold pieces.

Inventory:

Hand Weapons
 c - a +0 club (weapon)
Armour
 a - a +0 robe (worn)
 b - a +0 hat (worn)
Scrolls
 e - 2 scrolls of identify {unknown}
Comestibles
 d - a ration


   Skills:
 - Level 2.4 Dodging
 - Level 2.4 Stealth
 + Level 4.9 Spellcasting
 + Level 2.0 Conjurations
   Level 1.1 Summonings
   Level 1.1 Translocations


You had 9 spell levels left.
You knew the following spells:

 Your Spells              Type           Power        Failure   Level  Hunger
a - Magic Dart            Conj           ##..         4%          1    None

Your spell library contained the following spells:

 Spells                   Type           Power        Failure   Level  Hunger
 Blink                    Tloc           N/A          10%         2    None
 Call Imp                 Summ           ##......     10%         2    None
 Slow                     Hex            #.......     16%         2    None
 Conjure Flame            Conj/Fire      #.......     21%         3    ##.....
 Mephitic Cloud           Conj/Pois/Air  #.......     24%         3    ##.....


Dungeon Overview and Level Annotations

Branches:
Dungeon (1/15)

Altars:


Message History

Aim: a leopard gecko The magic dart hits the rat.
* * * LOW MAGIC WARNING * * *
The rat barely misses you.
You now have 2/9 mp.
Aim: a leopard gecko The magic dart hits the rat.
You kill the rat!
* * * LOW MAGIC WARNING * * *
You now have 1/9 mp.
Aim: a leopard gecko (clinging)
The magic dart hits the leopard gecko.
* * * LOW MAGIC WARNING * * *
The leopard gecko barely misses you.
You now have 0/9 mp.
Unknown command.
There is a staircase leading out of the dungeon here.
The leopard gecko barely misses you. The leopard gecko bites you.
You die...

##### #...
##########.#######
#..#.............#.
#.#......@........#
##.......#l#.......
#......#.#.#.#.....
#.....##.#l#.# ....
#.......⌠#.#⌠. ...
###..#######.#######.
#...........<....... .
#.#..#######.#######..#
#.#.......⌠#.#⌠.......#


You could see 2 leopard geckos.

Levels and vault maps discovered:
D:1:      matt_arrival_grand_opening, layout_rooms

Notes
Turn   | Place    | Note
-------+----------+-------------------------------------------
     0 | D:1      | Redear the Deep Elf Wizard began the quest for the Orb.
     0 | D:1      | Reached XP level 1. HP: 10/10 MP: 7/7
     5 | D:1      | Identified a +0 club
   172 | D:1      | Identified a +0 club
   173 | D:1      | Identified a +0 dagger
   174 | D:1      | Reached XP level 2. HP: 12/15 MP: 6/9
   174 | D:1      | Identified a +0 spear
   180 | D:1      | Identified a +0 short sword
   191 | D:1      | Reached skill level 2 in Conjurations
   212 | D:1      | HP: 1/15 [leopard gecko (5)]
   221 | D:1      | HP: 1/15 [leopard gecko (1)]
   238 | D:1      | Slain by a leopard gecko

Table legend:
 A = Turns spent in this place as a percentage of turns spent in the entire game.
 B = Non-inter-level travel turns spent in this place as a percentage of non-inter-level travel turns spent in the entire game.
 C = Inter-level travel turns spent in this place as a percentage of turns spent in this place.
 D = Turns resting spent in this place as a percentage of non-inter-level travel turns spent in this place.
 E = Turns spent auto-exploring this place as a percentage of non-inter-level travel turns spent in this place.
 F = Non-inter-level travel turns spent in this place divided by the number of levels of this place that you've seen.
                   A       B       C       D       E      F
               +-------+-------+-------+-------+-------+----------------------
         Total | 100.0 | 100.0 |   0.0 |  18.1 |  27.3 | 238.0
       Dungeon | 100.0 | 100.0 |   0.0 |  18.1 |  27.3 | 238.0
               +-------+-------+-------+-------+-------+----------------------

Table legend:
 A = Kills in this place as a percentage of kills in entire the game.
 B = Kills by you in this place as a percentage of kills by you in the entire game.
 C = Kills by friends in this place as a percentage of kills by friends in the entire game.
 D = Other kills in this place as a percentage of other kills in the entire game.
 E = Experience gained in this place as a percentage of experience gained in the entire game.
 F = Experience gained in this place divided by the number of levels of this place that you have seen.
                   A       B       C       D       E      F
               +-------+-------+-------+-------+-------+----------------------
         Total | 100.0 | 100.0 |   N/A |   N/A | 100.0 |  19.0
       Dungeon | 100.0 | 100.0 |   N/A |   N/A | 100.0 |  19.0
               +-------+-------+-------+-------+-------+----------------------

Skill      XL: |  1  2 |
---------------+-------+-----
Conjurations   | 2 |  2.0
Dodging        | |  2.4
Stealth        | |  2.4
Spellcasting   | |  4.9
Summonings     | |  1.1
Translocations | |  1.1

Action                   || total
-------------------------++-------
Melee: Club              ||    21
       Unarmed           ||     2
 Cast: Magic Dart        ||    29
 Stab: Sleeping          ||     1
Armor: Robe              ||     6
Dodge: Dodged            ||    33

Vanquished Creatures
  A bat (D:1)
  2 giant cockroaches (D:1)
  A hobgoblin (D:1)
  3 goblins (D:1)
  A kobold (D:1)
  5 rats (D:1)
13 creatures vanquished.
